IL
MEMPHIS REDBIRDS @ NEW ORLEANS ZEPHYRS
05/01/2048
 
TOP OF THE 1ST
Memphis Redbirds batting - Pitching for New Orleans Zephyrs : RHP John Dinsmore
Pitching: RHP John Dinsmore
Batting: RHB Joe Smack 0-0: Ground out 6-3 (Groundball, 6, EV 92.5 MPH)
Batting: SHB Dan Lash 0-0: Ball
1-0: Ball
2-0: Foul Ball, location: 2F
2-1: DOUBLE (Line Drive, 9LS, EV 102.5 MPH)
Pinch Runner at 2nd Dan Boykins:
Batting: RHB Jeff Brower 0-0: Ball
1-0: Called Strike
1-1: Ball
2-1: Foul Ball, location: 2F
2-2: Foul Ball, location: 2F
2-2: Ball
3-2: Base on Balls
Batting: LHB Ronnie Ashley 0-0: Swinging Strike
0-1: Ball
1-1: Swinging Strike
1-2: Strikes out swinging
Batting: LHB John Bailey 0-0: Called Strike
0-1: Ball
1-1: Ball
2-1: Called Strike
2-2: DOUBLE (Flyball, 8RXD, EV 102.5 MPH)
Dan Boykins scores
Jeff Brower to third
Runner from 3rd tries for Home, SAFE, throw by CF to home
Batting: RHB Josh Martin 0-0: Called Strike
0-1: Foul Ball, location: 2F
0-2: Ball
1-2: Foul Ball, location: 2F
1-2: Ball
2-2: Ground out 4-3 (Groundball, 4, EV 90.0 MPH)
Top of the 1st over - 2 runs, 2 hits, 0 errors, 1 left on base; Memphis 2 - New Orleans 0
BOTTOM OF THE 1ST
New Orleans Zephyrs batting - Pitching for Memphis Redbirds : LHP Danny Rivera
Pitching: LHP Danny Rivera
Now at 1B: Dan Boykins
Batting: LHB David Doge 0-0: Called Strike
0-1: Fly out, F8 (Flyball, 8LD, EV 100.6 MPH)
Batting: RHB Rick Fell 0-0: Ball
1-0: Called Strike
1-1: Foul Ball, location: 2F
1-2: Foul Ball, location: 2F
1-2: Fly out, F8 (Flyball, 89M, EV 68.8 MPH)
Batting: RHB Manuel Taveras 0-0: Ball
1-0: Ball
2-0: Ball
3-0: Called Strike
3-1: Called Strike
3-2: Foul Ball, location: 2F
3-2: Strikes out swinging
Bottom of the 1st over - 0 runs, 0 hits, 0 errors, 0 left on base; Memphis 2 - New Orleans 0
TOP OF THE 2ND
Memphis Redbirds batting - Pitching for New Orleans Zephyrs : RHP John Dinsmore
Batting: LHB Adam Eisen 0-0: Bunt missed!
0-1: Ball
1-1: Swinging Strike
1-2: Reached on error, E6 (Groundball, 6, EV 82.5 MPH)
Batting: RHB Dave Cluster 0-0: Ball
Adam Eisen steals 2nd base (no throw)
1-0: SINGLE (Line Drive, 9LS, EV 101.2 MPH)
Adam Eisen to third
Runner from 3rd tries for Home, throw by RF and OUT! 9-2
Batting: RHB Fortunato Fteira 0-0: Ball
1-0: Fly out, F7 (Flyball, 78D, EV 96.9 MPH)
Batting: RHB Joe Smack 0-0: Called Strike
0-1: Foul Ball, location: 2F
0-2: Ball
1-2: 2-RUN HOME RUN (Line Drive, 78XD, EV 116.2 MPH), Distance : 465 ft
Batting: RHB Dan Boykins 0-0: Fly out, F9 (Line Drive, 89M, EV 94.4 MPH)
Top of the 2nd over - 2 runs, 2 hits, 1 error, 0 left on base; Memphis 4 - New Orleans 0
BOTTOM OF THE 2ND
New Orleans Zephyrs batting - Pitching for Memphis Redbirds : LHP Danny Rivera
Batting: RHB Isaiah Brockman 0-0: Ball
1-0: Foul Ball, location: 2F
1-1: Ground out 4-3 (Groundball, 4, EV 100.6 MPH)
Batting: RHB Torquato Obawole 0-0: Ball
1-0: Called Strike
1-1: Ball
2-1: Foul Ball, location: 2F
2-2: Fly out, F5 (Popup, 56, EV 65.6 MPH)
Batting: RHB Masumitsu Sugiura 0-0: Ball
1-0: Ground out 6-3 (Groundball, 6, EV 87.5 MPH)
Bottom of the 2nd over - 0 runs, 0 hits, 0 errors, 0 left on base; Memphis 4 - New Orleans 0
TOP OF THE 3RD
Memphis Redbirds batting - Pitching for New Orleans Zephyrs : RHP John Dinsmore
Batting: RHB Jeff Brower 0-0: Ball
1-0: Called Strike
1-1: Ball
2-1: Ball
3-1: Base on Balls
Batting: LHB Ronnie Ashley 0-0: Ball
1-0: Ball
2-0: Called Strike
2-1: Called Strike
2-2: Strikes out swinging
Batting: LHB John Bailey 0-0: Called Strike
0-1: Foul Ball, location: 2F
0-2: Strikes out swinging
Batting: RHB Josh Martin 0-0: Ball
1-0: Fly out, F8 (Flyball, 8RD, EV 90.0 MPH)
Top of the 3rd over - 0 runs, 0 hits, 0 errors, 1 left on base; Memphis 4 - New Orleans 0
BOTTOM OF THE 3RD
New Orleans Zephyrs batting - Pitching for Memphis Redbirds : LHP Danny Rivera
Batting: SHB Jordan Barragan 0-0: Ball
1-0: SINGLE (Line Drive, 78S, EV 104.4 MPH)
Batting: LHB Eric Bailey 0-0: Ball
1-0: Ball
2-0: Called Strike
2-1: Swinging Strike
2-2: Fly out, F7 (Flyball, 7D, EV 101.9 MPH)
Runner from 1st tags up, SAFE at 2nd
Batting: LHB Jeff Tavella 0-0: Called Strike
0-1: Swinging Strike
0-2: Ball
1-2: Ball
2-2: Foul Ball, location: 2F
2-2: Strikes out swinging
Batting: LHB David Doge 0-0: Ball
1-0: Called Strike
1-1: Called Strike
1-2: Fly out, F8 (Flyball, 8LD, EV 101.9 MPH)
Bottom of the 3rd over - 0 runs, 1 hit, 0 errors, 1 left on base; Memphis 4 - New Orleans 0
TOP OF THE 4TH
Memphis Redbirds batting - Pitching for New Orleans Zephyrs : RHP John Dinsmore
Batting: LHB Adam Eisen 0-0: Swinging Strike
0-1: Ball
1-1: Swinging Strike
1-2: Ball
2-2: Ball
3-2: Foul Ball, location: 2F
3-2: Base on Balls
Batting: RHB Dave Cluster 0-0: Ball
1-0: Ball
2-0: Foul Ball, location: 2F
2-1: Ball
3-1: Foul Ball, location: 2F
3-2: SINGLE (Groundball, 56D, EV 93.8 MPH)
Adam Eisen to second
Batting: RHB Fortunato Fteira 0-0: Foul Ball, location: 2F
0-1: Ball
1-1: Ball
2-1: Foul Ball, location: 2F
2-2: Fielders Choice at 2nd, 6-4 (Groundball, 6, EV 83.8 MPH)
Adam Eisen to third
Batting: RHB Joe Smack 0-0: Ball
1-0: Swinging Strike
1-1: Foul Ball, location: 2F
1-2: Ball
2-2: Ball
3-2: Fly out, F7 (Line Drive, 7LM, EV 91.2 MPH)
Runner from 3rd tags up, SCORES, no throw by LF
Batting: RHB Dan Boykins 0-0: Called Strike
0-1: Fielders Choice at 2nd, 5-4 (Groundball, 5, EV 102.5 MPH)
Top of the 4th over - 1 run, 1 hit, 0 errors, 1 left on base; Memphis 5 - New Orleans 0
BOTTOM OF THE 4TH
New Orleans Zephyrs batting - Pitching for Memphis Redbirds : LHP Danny Rivera
Batting: RHB Rick Fell 0-0: Ball
1-0: Foul Ball, location: 2F
1-1: Ground out 6-3 (Groundball, 6, EV 91.9 MPH)
Batting: RHB Manuel Taveras 0-0: Called Strike
0-1: Called Strike
0-2: Strikes out swinging
Batting: RHB Isaiah Brockman 0-0: Swinging Strike
0-1: Ball
1-1: Ground out 5-3 (Groundball, 5, EV 85.6 MPH)
Bottom of the 4th over - 0 runs, 0 hits, 0 errors, 0 left on base; Memphis 5 - New Orleans 0
TOP OF THE 5TH
Memphis Redbirds batting - Pitching for New Orleans Zephyrs : RHP John Dinsmore
Batting: RHB Jeff Brower 0-0: Ball
1-0: Foul Ball, location: 2F
1-1: Ball
2-1: Swinging Strike
2-2: Foul Ball, location: 2F
2-2: Ball
3-2: Foul Ball, location: 2F
3-2: Foul Ball, location: 2F
3-2: Ground out 4-3 (Groundball, 4S, EV 66.9 MPH)
Batting: LHB Ronnie Ashley 0-0: Called Strike
0-1: Foul Ball, location: 2F
0-2: Ball
1-2: SINGLE (Groundball, 6MD, EV 110.0 MPH)
Batting: LHB John Bailey 0-0: Ball
1-0: Swinging Strike
1-1: Ball
2-1: Swinging Strike
2-2: Ball
3-2: Base on Balls
Ronnie Ashley to second
Batting: RHB Josh Martin 0-0: Grounds into double play, 6-4-3 (Groundball, 6M, EV 85.6 MPH)
Top of the 5th over - 0 runs, 1 hit, 0 errors, 1 left on base; Memphis 5 - New Orleans 0
BOTTOM OF THE 5TH
New Orleans Zephyrs batting - Pitching for Memphis Redbirds : LHP Danny Rivera
Batting: RHB Torquato Obawole 0-0: Ball
1-0: Ball
2-0: Foul Ball, location: 2F
2-1: Foul Ball, location: 2F
2-2: Strikes out swinging
Batting: RHB Masumitsu Sugiura 0-0: Ground out 5-3 (Groundball, 56, EV 86.2 MPH)
Batting: SHB Jordan Barragan 0-0: Called Strike
0-1: Foul Ball, location: 2F
0-2: Strikes out swinging
Bottom of the 5th over - 0 runs, 0 hits, 0 errors, 0 left on base; Memphis 5 - New Orleans 0
TOP OF THE 6TH
Memphis Redbirds batting - Pitching for New Orleans Zephyrs : RHP John Dinsmore
Pitching: RHP Jorge Lopez
Batting: LHB Adam Eisen 0-0: Called Strike
0-1: Ball
1-1: Ball
2-1: Ground out 4-3 (Groundball, 4S, EV 84.4 MPH)
Batting: RHB Dave Cluster 0-0: Swinging Strike
0-1: SINGLE (Groundball, 6MD, EV 98.8 MPH)
Batting: RHB Fortunato Fteira 0-0: Ball
1-0: Ball
2-0: Foul Ball, location: 2F
2-1: Called Strike
2-2: Foul Ball, location: 2F
2-2: Ball
3-2: Fielders Choice at 2nd, 6-4 (Groundball, 6, EV 82.5 MPH)
Batting: RHB Joe Smack 0-0: Ball
1-0: Ball
Fortunato Fteira steals 2nd base
2-0: Ball
3-0: Called Strike
3-1: Base on Balls
Batting: RHB Dan Boykins 0-0: Ball
1-0: Foul Ball, location: 2F
1-1: Foul Ball, location: 2F
1-2: Strikes out swinging
Top of the 6th over - 0 runs, 1 hit, 0 errors, 2 left on base; Memphis 5 - New Orleans 0
BOTTOM OF THE 6TH
New Orleans Zephyrs batting - Pitching for Memphis Redbirds : LHP Danny Rivera
Batting: LHB Eric Bailey 0-0: Called Strike
0-1: Swinging Strike
0-2: Strikes out swinging
Batting: LHB Jeff Tavella 0-0: Ball
1-0: Swinging Strike
1-1: Foul Ball, location: 2F
1-2: Strikes out swinging
Batting: LHB David Doge 0-0: Called Strike
0-1: Ground out U3 (Groundball, 3, EV 82.5 MPH)
Bottom of the 6th over - 0 runs, 0 hits, 0 errors, 0 left on base; Memphis 5 - New Orleans 0
TOP OF THE 7TH
Memphis Redbirds batting - Pitching for New Orleans Zephyrs : RHP Jorge Lopez
Batting: RHB Jeff Brower 0-0: Ball
1-0: Ball
2-0: Swinging Strike
2-1: Called Strike
2-2: Foul Ball, location: 2F
2-2: Strikes out swinging
Batting: LHB Ronnie Ashley 0-0: Ball
1-0: Called Strike
1-1: Fly out, F8 (Line Drive, 8RS, EV 92.5 MPH)
Batting: LHB John Bailey 0-0: Ball
1-0: Ball
2-0: SINGLE (Line Drive, 56D, EV 94.4 MPH)
Batting: RHB Josh Martin 0-0: Called Strike
0-1: Ball
John Bailey steals 2nd base
1-1: SINGLE (Flyball, 78S, EV 94.4 MPH)
John Bailey to third
Runner from 3rd tries for Home, SAFE, throw by LF to home
Batting: LHB Adam Eisen 0-0: Ball
1-0: Swinging Strike
1-1: Ball
2-1: Ground out 1-3 (Groundball, 13, EV 70.0 MPH)
Top of the 7th over - 1 run, 2 hits, 0 errors, 1 left on base; Memphis 6 - New Orleans 0
BOTTOM OF THE 7TH
New Orleans Zephyrs batting - Pitching for Memphis Redbirds : LHP Danny Rivera
Batting: RHB Rick Fell 0-0: Ball
1-0: Foul Ball, location: 2F
1-1: Ball
2-1: Ball
3-1: Foul Ball, location: 2F
3-2: Base on Balls
Batting: RHB Manuel Taveras 0-0: Called Strike
0-1: Ball
1-1: Fly out, F8 (Flyball, 8LXD, EV 95.6 MPH)
Batting: RHB Isaiah Brockman 0-0: Foul Ball, location: 2F
0-1: Ball
1-1: Ball
2-1: Foul Ball, location: 2F
2-2: Ball
3-2: Strikes out swinging
Batting: RHB Torquato Obawole 0-0: Called Strike
0-1: Ball
1-1: DOUBLE (Line Drive, 78M, EV 93.1 MPH)
Rick Fell to third
Runner from 3rd tries for Home, SAFE, no throw by LF
Batting: RHB Masumitsu Sugiura 0-0: Ball
1-0: Swinging Strike
1-1: Ball
2-1: Foul Ball, location: 2F
2-2: Foul Ball, location: 2F
2-2: Ball
3-2: Base on Balls
Batting: SHB Jordan Barragan 0-0: Called Strike
0-1: DOUBLE (Line Drive, 78D, EV 106.2 MPH)
Torquato Obawole scores
Masumitsu Sugiura to third
Batting: LHB Eric Bailey 0-0: Called Strike
0-1: Ball
1-1: Ball
Wild Pitch!
Masumitsu Sugiura scores
Jordan Barragan to third
2-1: Fly out, F7 (Flyball, 7LD, EV 89.4 MPH)
Bottom of the 7th over - 3 runs, 2 hits, 0 errors, 1 left on base; Memphis 6 - New Orleans 3
TOP OF THE 8TH
Memphis Redbirds batting - Pitching for New Orleans Zephyrs : RHP Jorge Lopez
Pitching: RHP Matt Murray
Batting: RHB Dave Cluster 0-0: Called Strike
0-1: Swinging Strike
0-2: Ball
1-2: Strikes out looking
Batting: RHB Fortunato Fteira 0-0: Ball
1-0: Swinging Strike
1-1: Ground out 4-3 (Groundball, 4, EV 76.2 MPH)
Batting: RHB Joe Smack 0-0: Called Strike
0-1: Ball
1-1: Ball
2-1: DOUBLE (Line Drive, 78D, EV 105.0 MPH)
Batting: RHB Dan Boykins 0-0: Ball
1-0: Foul Ball, location: 2F
1-1: 2-RUN HOME RUN (Line Drive, 9LD, EV 95.6 MPH), Distance : 359 ft
Batting: RHB Jeff Brower 0-0: Ball
1-0: Ball
2-0: Fly out, F8 (Flyball, 8LD, EV 107.5 MPH)
Top of the 8th over - 2 runs, 2 hits, 0 errors, 0 left on base; Memphis 8 - New Orleans 3
BOTTOM OF THE 8TH
New Orleans Zephyrs batting - Pitching for Memphis Redbirds : LHP Danny Rivera
Pitching: RHP Branden Maynard
Batting: LHB Jeff Tavella 0-0: Ball
1-0: Ball
2-0: Ball
3-0: Base on Balls
Batting: LHB David Doge 0-0: Called Strike
0-1: Fielders Choice at 2nd, 6-4 (Groundball, 56, EV 87.5 MPH)
Batting: RHB Rick Fell 0-0: SINGLE (Line Drive, 89S, EV 88.1 MPH)
David Doge to second
Runner from 2nd tries for 3rd, OUT! 9-5
Batting: RHB Manuel Taveras 0-0: Ball
1-0: Fly out, F4 (Popup, 4, EV 56.2 MPH)
Bottom of the 8th over - 0 runs, 1 hit, 0 errors, 1 left on base; Memphis 8 - New Orleans 3
TOP OF THE 9TH
Memphis Redbirds batting - Pitching for New Orleans Zephyrs : RHP Matt Murray
Batting: LHB Ronnie Ashley 0-0: Ground out 6-3 (Groundball, 6M, EV 85.6 MPH)
Batting: LHB John Bailey 0-0: Fly out, F8 (Line Drive, 8LM, EV 97.5 MPH)
Batting: RHB Josh Martin 0-0: Ball
1-0: Called Strike
1-1: Ball
2-1: Ball
3-1: Foul Ball, location: 2F
3-2: Ground out 5-3 (Groundball, 56, EV 108.8 MPH)
Top of the 9th over - 0 runs, 0 hits, 0 errors, 0 left on base; Memphis 8 - New Orleans 3
BOTTOM OF THE 9TH
New Orleans Zephyrs batting - Pitching for Memphis Redbirds : RHP Branden Maynard
Batting: RHB Isaiah Brockman 0-0: Ground out 6-3 (Groundball, 6, EV 101.2 MPH)
Batting: RHB Torquato Obawole 0-0: Called Strike
0-1: Ball
1-1: Ball
2-1: Ground out 2-3 (Groundball, 15S, EV 68.8 MPH)
Batting: RHB Masumitsu Sugiura 0-0: Called Strike
0-1: Ball
1-1: Ball
2-1: DOUBLE (Line Drive, 9LS, EV 109.4 MPH)
Batting: SHB Jordan Barragan 0-0: Ball
1-0: Ball
2-0: Called Strike
2-1: Foul Ball, location: 2F
2-2: Foul Ball, location: 2F
2-2: Strikes out swinging
Bottom of the 9th over - 0 runs, 1 hit, 0 errors, 1 left on base; Memphis 8 - New Orleans 3
Tuesday, March 28th , 2023 - OOTP Baseball 23.10 Build 110